 Dungeon Crawl Stone Soup version 0.22-a0-469-gf26638a (webtiles) character file.

221 Mamutox the Chucker (level 5, -3/49 HPs)
             Began as a Troll Hunter on June 12, 2018.
             Killed by nerve-wracking pain
             ... invoked by an orc priest
              (11 damage)
             ... on level 4 of the Dungeon.
             The game lasted 00:14:03 (2473 turns).

Mamutox the Chucker (Troll Hunter)                  Turns: 2473, Time: 00:14:04

Health: -3/49      AC:  5    Str: 25    XL:     5   Next: 65%
Magic:  4/4        EV: 12    Int:  7    God:
Gold:   178        SH:  0    Dex: 11    Spells: 4/4 levels left

rFire    . . .     SeeInvis .     - Unarmed
rCold    . . .     Gourm    +   (no shield)
rNeg     . . .     Faith    .   b - +0 robe
rPois    .         Spirit   .   (helmet restricted)
rElec    .         Reflect  .   (no cloak)
rCorr    .         Harm     .   (gloves unavailable)
MR       .....                  (boots unavailable)
Stlth    +.........             (no amulet)
HPRegen  0.56/turn              j - +2 ring of evasion
MPRegen  0.09/turn              s - +5 ring of strength

@: no status effects
A: large, unfitting armour, claws 3, fast metabolism 3, gourmand, regeneration
1, shaggy fur 1, tough skin 2
a: no special abilities


You were on level 4 of the Dungeon.
You were completely stuffed.

You visited 1 branch of the dungeon, and saw 4 of its levels.

You collected 178 gold pieces.

Inventory:

Hand Weapons
 a - a +0 short sword
Missiles
 c - 5 large rocks (quivered)
 d - 2 throwing nets
 n - 64 stones
 q - 6 needles of frenzy
 t - 8 poisoned needles
Armour
 b - a +0 robe (worn)
Jewellery
 j - a +2 ring of evasion (left claw)
 o - an uncursed ring of stealth
 s - a +5 ring of strength (right claw)
Wands
 v - a wand of flame (33)
Scrolls
 e - 3 scrolls of amnesia {unknown}
 g - 2 scrolls of magic mapping {unknown}
 k - 2 scrolls of teleportation {unknown}
 l - a scroll of noise {unknown}
 m - 2 scrolls of identify {unknown}
 p - 2 scrolls of enchant armour {unknown}
 r - a scroll of remove curse {unknown}
 u - a scroll of random uselessness {unknown}
Potions
 h - 3 potions of lignification {unknown}
 i - a potion of heal wounds {unknown}
 x - a potion of curing {unknown}
Comestibles
 f - 5 rations
 w - 6 chunks of flesh


   Skills:
 + Level 1.8 Fighting
 * Level 4.4 Throwing
 + Level 2.4 Dodging
 - Level 0.3 Stealth
 * Level 3.8 Unarmed Combat
 * Level 0.3 Evocations


You had 4 spell levels left.
You didn't know any spells.
Your spell library contained the following spells:

 Spells                   Type           Power        Failure   Level  Hunger
 Apportation              Tloc           #.....       43%         1    ##.....
 Summon Small Mammal      Summ           #...         43%         1    ##.....
 Animate Skeleton         Necr           N/A          43%         1    ##.....
 Confusing Touch          Hex            #.....       43%         1    ##.....


Dungeon Overview and Level Annotations

Branches:
Dungeon (4/15)
 Temple: D:4-7

Altars:


Innate Abilities, Weirdness & Mutations

You are too large for most types of armour.
You have claws for hands.
Your metabolism is lightning-fast.
You like to eat raw meat.
Your natural rate of healing is unusually fast.
You are covered in fur. (AC +1)
You have very tough skin. (AC +2)


Message History

The hound completely misses you.
You claw the hound!
You kill the hound!
You claw the orc!
You kill the orc!
The orc wizard gestures wildly while chanting.
The orc wizard seems to speed up.
The orc priest begins to cast a cantrip, but forgets the words!
The orc priest calls down the wrath of Beogh upon you.
Pain shoots through your body!
You claw the orc priest!
The orc priest is severely wounded.
You completely miss the orc priest.
The orc priest is severely wounded.
The orc priest mumbles some strange prayers to Beogh against you.
Beogh smites you!
* * * LOW HITPOINT WARNING * * *
The orc priest mumbles some strange prayers to Beogh against you.
Pain shoots through your body!
You die...

#)# #.# #.# # ##### #.# # #...#
#.# # #.#.###### #.# # #.#......#
#.#
#################.######.######.#
.....o....)oo.o.@.............#.#
#################.######.####.#.#
....... #........#...##........#
....... #.########.#.#####.#.###
....... #..........#............
....... ##########....).........
....... #.........)##...#...
....... .....................
....o.. [#..........##...#...


You could see an orc priest and 2 orc wizards.

Vanquished Creatures
  A hound (D:4)
  2 orc wizards (D:4)
  A howler monkey skeleton (D:4)
  2 adders (D:3)
  An adder skeleton (D:4)
  A worm (D:3)
  A dart slug (D:2)
  4 leopard geckos
  10 orcs
  8 bats
  4 giant cockroaches
  9 hobgoblins
  9 jackals
  2 quokkas
  A ball python (D:1)
  2 frilled lizards (D:2)
  6 goblins
  10 kobolds
  10 rats
84 creatures vanquished.

Notes
Turn   | Place    | Note
-------+----------+-------------------------------------------
     0 | D:1      | Mamutox the Troll Hunter began the quest for the Orb.
     0 | D:1      | Reached XP level 1. HP: 19/19 MP: 0/0
   266 | D:1      | Reached skill level 4 in Throwing
   266 | D:1      | Reached XP level 2. HP: 27/27 MP: 1/1
   914 | D:2      | Reached XP level 3. HP: 34/35 MP: 2/2
   955 | D:2      | Reached skill level 1 in Unarmed Combat
  1632 | D:3      | Reached XP level 4. HP: 42/42 MP: 3/3
  2338 | D:4      | Reached XP level 5. HP: 34/49 MP: 4/4
  2473 | D:4      | Killed from afar by an orc priest

Vault maps used:
D:1:      lemuel_arrival_hallway, minmay_misc_feat_roman, minivault_25
D:3:      hex_intersection, kennysheep_generic_room_3
D:4:      nicolae_overflow_hidden_temple

Skill      XL: |  1  2  3  4 |
---------------+-------------+-----
Throwing       | 4 |  4.4
Unarmed Combat | 2 3 |  3.8
Dodging        | 2 |  2.4
Fighting       | |  1.8
Stealth        | |  0.3
Evocations     | |  0.3

Action                   |  1- 3 |  4- 6 || total
-------------------------+-------+-------++-------
Melee: Unarmed           |   162 |    96 ||   258
       Punch             |     2 |       ||     2
 Stab: Sleeping          |     2 |     5 ||     7
  Eat: Chunk             |    18 |    10 ||    28
Armor: Robe              |    63 |    24 ||    87
Dodge: Dodged            |   112 |    55 ||   167

Table legend:
 A = Spawn XP
 B = Non-spawn XP
 C = Spawn XP percentage of total XP
 D = Spawn monster count
 E = Non-spawn monster count
 F = Spawn count percentage of total count
 G = Total turns spent on level
                    A         B        C        D         E        F      G
               +---------+---------+-------+---------+---------+-------+---------
         Total |       0 |     316 |   0.0 |       0 |      84 |   0.0 |  2473
               +---------+---------+-------+---------+---------+-------+---------
           D:1 |       0 |      32 |   0.0 |       0 |      21 |   0.0 |   872
           D:2 |       0 |      55 |   0.0 |       0 |      30 |   0.0 |   759
           D:3 |       0 |      59 |   0.0 |       0 |      16 |   0.0 |   567
           D:4 |       0 |     170 |   0.0 |       0 |      17 |   0.0 |   275
               +---------+---------+-------+---------+---------+-------+---------
